 Dungeon Crawl Stone Soup version 0.21.0-3-g78d12a8 (webtiles) character file.

136554 mopl the Convoker (level 16, -2/122 HPs)
             Began as a Mummy Summoner on Jan 7, 2018.
             Was a High Priest of Sif Muna.
             Slain by a meliai
             ... wielding a +0 broad axe
              (6 damage)
             ... on level 3 of the Spider Nest on Jan 8, 2018.
             The game lasted 02:23:54 (41810 turns).

mopl the Convoker (Mummy Summoner)                 Turns: 41810, Time: 02:23:54

Health: -2/122     AC: 13    Str: 13    XL:     16   Next: 37%
Magic:  15/35      EV: 15    Int: 25    God:    Sif Muna [*****.]
Gold:   3980       SH:  0    Dex: 13    Spells: 5/45 levels left

rFire    . . .     SeeInvis +   a - +2 spear (freeze)
rCold    + . .     Gourm    .   G - +2 buckler {reflect}
rNeg     + + +     Faith    .   w - +2 ring mail of Umpeumu {rF+ rN+ rCorr SInv}
rPois    ∞         Spirit   .   x - +0 helmet {Int+3}
rElec    .         Reflect  +   q - scarf {repulsion}
rCorr    +         Harm     .   M - +0 pair of gloves
MR       ++...                  S - +2 pair of boots {Fly}
Stlth    ..........             v - amulet of regeneration
HPRegen  0.70/turn              t - +5 ring of evasion
MPRegen  0.24/turn              F - +3 ring of intelligence

@: confused, flying, repel missiles
A: no food or potions, fire vulnerability, cold resistance 1, negative energy
resistance 3, torment resistance, unbreathing, in touch with death 1
}: 1/15 runes: decaying
a: Divine Energy, Channel Magic, Forget Spell, Renounce Religion, Stop Flying


You were on level 3 of the Spider Nest.
You worshipped Sif Muna.
Sif Muna was extremely pleased with you.
You were not hungry.

You visited 5 branches of the dungeon, and saw 30 of its levels.
You also visited: Ice Cave and Volcano.

You collected 3980 gold pieces.

Inventory:

Hand Weapons
 a - a +2 spear of freezing (weapon)
Missiles
 u - 3 needles of paralysis
 B - 3 throwing nets (quivered)
 K - 2 tomahawks of dispersal
Armour
 e - a +2 robe of the Archmagi
 q - a scarf of repulsion (worn)
 w - the +2 ring mail of Umpeumu (worn) {rF+ rN+ rCorr SInv}
   (You found it on level 1 of the Spider Nest)

   It protects you from fire.
   It protects you from negative energy.
   It lets you see invisible.
   It protects you from acid and corrosion.
 x - a +0 helmet of intelligence (worn)
 G - a +2 buckler of reflection (worn)
 M - a +0 pair of gloves (worn)
 S - a +2 pair of boots of flying (worn)
Magical Staves
 b - an uncursed staff of summoning {!a}
 O - an uncursed staff of wizardry {!a}
Jewellery
 o - an uncursed ring of protection from magic
 t - a +5 ring of evasion (left hand)
 v - an amulet of regeneration (around neck)
 F - a +3 ring of intelligence (right hand)
 P - an uncursed ring of resist corrosion
Wands
 k - a wand of random effects (29)
 l - a wand of polymorph (33)
 n - a wand of clouds (9)
 D - a wand of paralysis (39)
 L - a wand of iceblast (25)
 Q - a wand of enslavement (41)
 T - a wand of acid (4)
 U - a wand of disintegration (20)
 W - a wand of digging (16)
Scrolls
 c - 15 scrolls of remove curse
 d - a scroll of vulnerability
 g - 6 scrolls of magic mapping
 j - 6 scrolls of blinking
 m - 12 scrolls of teleportation
 r - a scroll of holy word {unknown}
 s - 4 scrolls of fog
 y - a scroll of silence {!r}
 z - 9 scrolls of identify
 A - a scroll of immolation
 I - a scroll of torment {!r}
 J - a scroll of fear
Books
 p - Sif Muna's Guide on the Entrancing Escort
   (Sif Muna gifted it to you on level 4 of the Lair of Beasts)

   Spells                             Type                      Level
   a - Summon Butterflies             Summoning                    1
   b - Recall                         Summoning/Translocation      3
   c - Summon Demon                   Summoning                    5
   d - Darkness                       Hexes                        6
   e - Monstrous Menagerie            Summoning                    7
   f - Summon Greater Demon           Summoning                    7
Miscellaneous
 f - a crystal ball of energy
 h - a phial of floods
 i - a box of beasts
 N - a fan of gales
 R - a phantom mirror
 Z - a sack of spiders


   Skills:
 - Level 10.0 Fighting
 + Level 8.3 Polearms
 + Level 3.5 Armour
 - Level 1.5 Dodging
 - Level 1.5 Stealth
 - Level 2.5 Shields
 + Level 15.0 Spellcasting
 - Level 4.0 Hexes
 * Level 15.1 Summonings
 - Level 3.0 Translocations
 - Level 4.0 Ice Magic
 - Level 4.1 Air Magic
 - Level 8.0 Invocations
 - Level 5.0 Evocations


You had 5 spell levels left.
You knew the following spells:

 Your Spells              Type           Power        Failure   Level  Hunger
a - Summon Forest         Summ/Tloc      ######....   4%          5    N/A
b - Summon Demon          Summ           #######...   1%          5    N/A
c - Call Canine Familiar  Summ           #######.     1%          3    N/A
d - Summon Ice Beast      Ice/Summ       ######..     1%          4    N/A
e - Blink                 Tloc           N/A          3%          2    N/A
f - Summon Lightning Spi  Summ/Air       ######..     1%          4    N/A
g - Summon Guardian Gole  Hex/Summ       ######..     1%          3    N/A
h - Summon Hydra          Summ           #######...   12%         7    N/A
A - Aura of Abjuration    Summ           #######...   1%          5    N/A
C - Corpse Rot            Necr           N/A          11%         2    N/A

Dungeon Overview and Level Annotations

Branches:
Dungeon (15/15)            Temple (0/1) D:7            Lair (6/6) D:11
  Swamp (4/4) Lair:2       Spider (3/4) Lair:4        Slime (0/5) Lair:6
    Orc (2/2) D:12            Elf (0/3) Orc:2        Vaults (0/5) D:14
 Depths (0/5) D:15

Altars:
Hepliaklqana
Makhleb
Nemelex Xobeh
Okawaru
Qazlal
Ru
Sif Muna
Xom
Beogh

Shops:
D:10 }   Orc:1 %   Orc:2 =(}(


Innate Abilities, Weirdness & Mutations

You do not eat or drink.
Your flesh is vulnerable to fire.
You are immune to poison.
Your flesh is cold resistant. (rC+)
You are immune to negative energy. (rN+++)
You are immune to unholy pain and torment.
You can survive without breathing.
You are in touch with the powers of death.


Message History

Unknown command.
The meliai calls down the wrath of its god upon you.
Something smites you!
* * * LOW HITPOINT WARNING * * *
The meliai hits you with a broad axe!
* * * LOW HITPOINT WARNING * * *
The meliai closely misses you. The meliai barely misses you.
The meliai closely misses you. The tarantella barely misses you.
Unknown command.
You're too confused to move!
The meliai hits you with a broad axe.
* * * LOW HITPOINT WARNING * * *
The meliai stings you but does no damage.
The meliai hits you but does no damage. The meliai barely misses you.
The meliai closely misses you. The meliai stings you.
* * * LOW HITPOINT WARNING * * *
Unknown command.
Unknown command.
Unknown command.
The meliai hits you but does no damage. The meliai stings you.
You die...

......♣.....^..
.#...............
...............#..
........^...†.....
#≈$............#..
#.....♣..♣†#^#....
##.....yy.........
#.....^#y†....♣...
#. .#...@ss<.^.#...
#..##..............
#.....♣s.....^.....
..#.................
#...#^............
#...♣...♣♣#..^.#.≈
..#. #≈..<# .#..♣ ..
#. #....# ##..... .
# #.≈#≈≈ ..^.


You could see a jumping spider, a tarantella, a redback and 2 meliai.

Vanquished Creatures
  An orc warlord (Orc:2)
  An entropy weaver (Spider:1)
  A red draconian (Volcano)
  Azrael (D:12)
  A fire dragon (Swamp:4)
  2 ghost crabs
  3 hydras
  A centaur warrior (D:15)
  A catoblepas (Lair:6)
  3 two-headed ogres
  The ghost of feelmyfire the Cleaver, a novice DsAK of Lugonu (D:7)
  A spriggan druid (Swamp:3)
  A swamp dragon (Swamp:4)
  An orc knight (Orc:2)
  Pikel (D:9)
  A necromancer (D:14)
  4 wolf spiders
  2 orc sorcerers (Orc:2)
  A manticore (Lair:6)
  3 black mambas
  2 elephants
  2 spiny frogs
  A rime drake (Lair:6)
  A demonic crawler (Spider:2)
  2 freezing wraiths
  2 komodo dragons
  2 trolls
  A harpy zombie (D:15)
  9 polar bears
  5 jumping spiders
  5 slime creatures
  2 hippogriffs
  2 hornets
  A tyrant leech (Swamp:1)
  3 bog bodies
  4 blink frogs
  4 dream sheep
  7 redbacks
  A tarantella (Spider:2)
  14 yaks
  A wyvern (Lair:1)
  6 humans (D:14)
  A steam dragon (D:12)
  A hungry ghost (D:14)
  3 vampire mosquitoes
  A warg (Orc:2)
  5 swamp worms
  An insubstantial wisp (Swamp:2)
  2 soldier ants (D:8)
  2 water moccasins (Lair:2)
  A porcupine (Lair:1)
  6 orc warriors
  3 swamp drakes
  A sky beast (D:4)
  A phantom (D:11)
  3 ogres
  An eye of draining (D:13)
  A necrophage (D:8)
  A centaur (D:9)
  7 wolves
  2 crocodiles (Lair:4)
  4 big kobolds
  6 bullfrogs
  A gnoll sergeant (D:10)
  5 scorpions
  A water moccasin skeleton (D:6)
  A wyvern skeleton (D:7)
  2 killer bees (D:9)
  2 electric eels
  A howler monkey (D:7)
  2 crimson imps
  A quasit (D:9)
  9 hounds
  3 orc priests
  3 centaur skeletons
  Ijyb (D:4)
  An iguana (D:12)
  5 orc wizards
  A hell rat (Lair:5)
  4 worker ants
  2 worker ant zombies
  8 adders
  8 gnolls
  A shadow imp (D:15)
  2 adder skeletons
  A worm (D:2)
  A leopard gecko (D:1)
  53 orcs
  6 bats
  A giant cockroach (D:3)
  9 goblins
  2 hobgoblins (D:3)
  9 jackals
  4 quokkas
  A ball python (D:3)
  4 frilled lizards
  A giant cockroach zombie (D:5)
  14 kobolds
  3 rats
334 creatures vanquished.

Vanquished Creatures (collateral kills)
  Jorgrun (Swamp:4)
  Frances (Spider:2)
  2 thorn hunters (Swamp:2)
  Donald (Swamp:3)
  A ghost moth (Spider:3)
  A frost giant (IceCv)
  2 orc warlords (Orc:2)
  2 emperor scorpions
  The ghost of p0werm0de the Timeless, a journeyman OpTm of Cheibriados (Swamp:3)
  A very ugly thing (Swamp:2)
  2 entropy weavers (Spider:1)
  Nessos (D:13)
  A fire dragon (Swamp:4)
  A blizzard demon (Spider:2)
  An ettin (Orc:2)
  Josephine (D:12)
  Fannar (D:10)
  A vault guard (D:14)
  Erolcha (D:11)
  14 hydras
  3 catoblepae (Lair:6)
  5 centaur warriors
  16 two-headed ogres
  A death knight (D:13)
  4 alligators
  18 death yaks
  2 ogre magi
  3 orc high priests (Orc:2)
  A golden dragon zombie (D:15)
  A salamander mystic (Volcano)
  3 unseen horrors
  2 skeletal warriors
  A fire crab (Swamp:4)
  3 shambling mangroves
  A spriggan druid (Swamp:4)
  10 swamp dragons
  A harpy (shapeshifter) (D:15)
  A necromancer (D:15)
  2 lindwurms (Swamp:4)
  A lindwurm (shapeshifter) (D:15)
  A wizard (D:14)
  2 phantasmal warriors
  8 orc knights
  2 deep elf magi (D:15)
  A frost giant zombie (D:15)
  4 orc sorcerers (Orc:2)
  2 fire giant zombies (D:15)
  8 orb spiders
  A cyclops (D:11)
  4 manticores
  An oklob plant (D:12)
  15 wolf spiders
  5 salamanders (Volcano)
  11 elephants
  An ice statue (IceCv)
  A moth of wrath (Spider:1)
  5 black mambas
  8 spiny frogs
  2 centaur skeletons (D:15)
  3 freezing wraiths (D:14)
  A rime drake (IceCv)
  5 komodo dragons
  2 ice devils (D:11)
  2 demonic crawlers (Spider:1)
  2 kobold demonologists (D:13)
  13 jumping spiders
  2 bog bodies (Swamp:1)
  8 tyrant leeches
  12 polar bears
  11 hornets
  7 trolls
  16 slime creatures
  13 blink frogs
  17 dream sheep
  5 hippogriffs
  2 spriggans
  2 shadows (Swamp:3)
  4 tarantellas
  5 wraiths (D:12)
  Sigmund (D:3)
  47 redbacks
  69 yaks
  4 fire elementals (D:12)
  19 humans
  7 wyverns
  8 basilisks
  A hungry ghost (D:7)
  A warg (Orc:2)
  9 vampire mosquitoes
  Menkaure (D:4)
  3 steam dragons
  9 insubstantial wisps
  The ghost of p0werm0de the Insei, an amateur OpTm (D:3)
  An acid dragon (D:13)
  5 water moccasins
  25 swamp worms
  A soldier ant (D:12)
  3 porcupines
  10 swamp drakes
  A black bear (D:8)
  35 orc warriors
  An ice beast (D:13)
  A sky beast (D:11)
  An eye of draining (D:11)
  2 necrophages
  14 centaurs
  A phantom (D:12)
  9 ogres
  16 wolves
  9 crocodiles
  2 big kobolds (D:13)
  6 bullfrogs
  A gnoll sergeant (D:7)
  A wyvern skeleton (D:11)
  4 scorpions
  A troll zombie (D:12)
  6 killer bees
  4 crimson imps
  3 howler monkeys
  A centaur zombie (D:6)
  3 hounds
  17 orc priests
  3 jellies
  Crazy Yiuf (D:4)
  Terence (D:2)
  An iguana (D:4)
  5 worker ants
  16 orc wizards
  6 hell rats
  2 ogre zombies (D:12)
  A hound zombie (D:7)
  A hound skeleton (D:11)
  13 gnolls
  3 adders
  5 oozes
  A worm (D:4)
  A leopard gecko (D:2)
  48 orcs
  2 bats
  A giant cockroach (D:1)
  2 goblins (D:2)
  2 hobgoblins (D:2)
  9 jackals
  A frilled lizard (D:2)
  A giant cockroach zombie (D:5)
  A goblin skeleton (D:12)
  A goblin zombie (D:12)
  5 kobolds
  An orc skeleton (D:12)
  4 orc zombies (D:12)
  9 briar patches (Swamp:2)
  6 fungi
  10 plants
857 creatures vanquished.

Vanquished Creatures (others)
  A salamander (Volcano)
  A jumping spider (Spider:1)
  A bog body (Swamp:1)
  A human (Lair:5)
  A hungry ghost (D:12)
  6 swamp drakes
  A troll zombie (D:12)
  3 ogre zombies (D:12)
  2 goblin skeletons (D:12)
  2 hobgoblin skeletons (D:12)
  A hobgoblin zombie (D:12)
  A kobold (D:12)
  An orc skeleton (D:12)
  12 orc zombies (D:12)
  A briar patch (Swamp:2)
  A fire vortex (Swamp:4)
  24 fungi
  20 plants
  23 snaplasher vines
  5 withered plants (D:15)
108 creatures vanquished.

Grand Total: 1299 creatures vanquished

Notes
Turn   | Place    | Note
-------+----------+-------------------------------------------
     0 | D:1      | mopl the Mummy Summoner began the quest for the Orb.
     0 | D:1      | Reached XP level 1. HP: 13/13 MP: 4/4
   277 | D:1      | Reached skill level 3 in Spellcasting
   475 | D:1      | Reached XP level 2. HP: 14/19 MP: 1/6
   482 | D:1      | Learned a level 2 spell: Call Imp
  1329 | D:2      | Noticed Terence
  1340 | D:2      | Killed Terence
  1340 | D:2      | Reached XP level 3. HP: 12/24 MP: 2/8
  1347 | D:2      | Learned a level 3 spell: Call Canine Familiar
  1351 | D:2      | Learned a level 3 spell: Summon Guardian Golem
  1566 | D:2      | Upgraded the game from 0.21.0 to 0.21.0-3-g78d12a8
  1629 | D:2      | Reached skill level 4 in Spellcasting
  1957 | D:2      | Reached skill level 4 in Summonings
  1967 | D:2      | Reached XP level 4. HP: 30/30 MP: 1/10
  2377 | D:3      | Found a sacrificial altar of Ru.
  2402 | D:3      | Noticed Sigmund
  2435 | D:3      | Reached skill level 5 in Spellcasting
  2435 | D:3      | Reached XP level 5. HP: 19/35 MP: 6/12
  2442 | D:3      | Learned a level 4 spell: Summon Ice Beast
  2453 | D:3      | Killed Sigmund
  2791 | D:3      | Noticed p0werm0de's ghost (amateur OpTm)
  2842 | D:3      | Killed p0werm0de's ghost
  2842 | D:3      | Reached skill level 1 in Hexes
  2842 | D:3      | Reached XP level 6. HP: 41/41 MP: 1/14
  3130 | D:3      | Reached skill level 1 in Ice Magic
  3233 | D:4      | Noticed a sky beast
  3243 | D:4      | Killed a sky beast
  3243 | D:4      | Reached skill level 6 in Spellcasting
  3243 | D:4      | Reached skill level 5 in Summonings
  3457 | D:4      | Noticed Menkaure
  3470 | D:4      | Killed Menkaure
  3715 | D:4      | Reached XP level 7. HP: 43/46 MP: 16/16
  3741 | D:4      | Learned a level 4 spell: Summon Lightning Spire
  4175 | D:4      | Found a hazy altar of Hepliaklqana.
  4219 | D:4      | Noticed Ijyb
  4231 | D:4      | Killed Ijyb
  4247 | D:4      | Found a runed door.
  4251 | D:4      | Noticed Crazy Yiuf
  4258 | D:4      | Killed Crazy Yiuf
  4468 | D:5      | Entered Level 5 of the Dungeon
  4489 | D:5      | Reached skill level 2 in Hexes
  4506 | D:5      | Found a deep blue altar of Sif Muna.
  4517 | D:5      | Became a worshipper of Sif Muna the Loreminder
  4679 | D:5      | Reached skill level 1 in Air Magic
  4919 | D:5      | Found a burning altar of Makhleb.
  4919 | D:5      | Found a shimmering altar of Xom.
  4922 | D:5      | Found an iron altar of Okawaru.
  4970 | D:5      | Reached skill level 2 in Ice Magic
  5198 | D:5      | Reached skill level 7 in Spellcasting
  5812 | D:6      | Reached * piety under Sif Muna
  5902 | D:6      | Reached XP level 8. HP: 22/52 MP: 10/18
  6555 | D:7      | Reached skill level 6 in Summonings
  6904 | D:7      | Reached skill level 2 in Air Magic
  6927 | D:7      | Reached skill level 8 in Spellcasting
  7157 | D:7      | Noticed a hippogriff
  7181 | D:7      | Killed a hippogriff
  7446 | D:7      | Noticed feelmyfire's ghost (novice DsAK)
  7452 | D:7      | Reached ** piety under Sif Muna
  7452 | D:7      | Reached skill level 3 in Ice Magic
  7594 | D:7      | Killed feelmyfire's ghost
  7627 | D:7      | Found a staircase to the Ecumenical Temple.
  7971 | D:7      | Reached XP level 9. HP: 41/57 MP: 21/21
  8194 | D:8      | Reached skill level 9 in Spellcasting
  8242 | D:8      | Noticed a two-headed ogre
  8250 | D:8      | Killed a two-headed ogre
  8250 | D:8      | Reached skill level 7 in Summonings
  8250 | D:8      | Reached skill level 3 in Air Magic
  8250 | D:8      | Reached skill level 1 in Invocations
  8884 | D:8      | Reached *** piety under Sif Muna
  8904 | D:8      | Reached skill level 4 in Ice Magic
  9143 | D:8      | Reached skill level 2 in Invocations
  9360 | D:9      | Noticed a two-headed ogre
  9387 | D:9      | Killed a two-headed ogre
  9490 | D:9      | Paralysed by a centaur for 7 turns
  9493 | D:9      | Reached skill level 4 in Air Magic
  9518 | D:9      | Reached skill level 8 in Summonings
  9593 | D:9      | Noticed a troll
  9602 | D:9      | Killed a troll
  9602 | D:9      | Reached XP level 10. HP: 46/63 MP: 8/23
  9798 | D:9      | Noticed Pikel
  9798 | D:9      | Reached skill level 10 in Spellcasting
  9798 | D:9      | Reached skill level 3 in Invocations
  9808 | D:9      | Killed Pikel
  9808 | D:9      | Reached skill level 1 in Fighting
 10239 | D:10     | Entered Level 10 of the Dungeon
 10250 | D:10     | Noticed a two-headed ogre
 10281 | D:10     | Killed a two-headed ogre
 10281 | D:10     | Reached skill level 1 in Polearms
 10677 | D:10     | Found a roughly hewn altar of Beogh.
 10715 | D:10     | Reached skill level 2 in Fighting
 10793 | D:10     | Reached **** piety under Sif Muna
 10866 | D:10     | Noticed a two-headed ogre
 10882 | D:10     | Killed a two-headed ogre
 10932 | D:10     | You fall through a shaft for 3 floors!
 10943 | D:12     | Noticed Azrael
 10956 | D:13     | Noticed a centaur warrior
 10976 | D:13     | Killed a centaur warrior
 10976 | D:13     | Reached skill level 2 in Polearms
 11116 | D:13     | Reached skill level 4 in Invocations
 11153 | D:13     | Killed an unseen horror
 11153 | D:13     | Reached skill level 9 in Summonings
 11410 | D:13     | Noticed Nessos
 11436 | D:13     | Killed Nessos
 11436 | D:13     | Reached skill level 3 in Fighting
 11771 | D:12     | Noticed an orange demon
 11869 | D:13     | Noticed a two-headed ogre
 11887 | D:13     | Killed a two-headed ogre
 12352 | D:13     | Reached skill level 3 in Polearms
 12352 | D:13     | Reached XP level 11. HP: 53/75 MP: 15/25
 12955 | D:12     | Reached skill level 4 in Fighting
 13208 | D:11     | Found a frozen archway.
 13242 | IceCv    | Entered an ice cave
 13383 | IceCv    | Reached skill level 5 in Invocations
 13989 | IceCv    | Reached skill level 10 in Summonings
 14282 | IceCv    | Reached skill level 3 in Hexes
 14411 | IceCv    | Reached skill level 4 in Polearms
 14475 | IceCv    | Reached ***** piety under Sif Muna
 15008 | IceCv    | Received a gift from Sif Muna
 15016 | IceCv    | Learned a level 5 spell: Summon Forest
 15019 | IceCv    | Learned a level 2 spell: Corpse Rot
 15046 | IceCv    | Reached skill level 1 in Evocations
 15092 | IceCv    | Reached skill level 5 in Fighting
 15315 | IceCv    | Noticed a frost giant
 15338 | IceCv    | Killed a frost giant
 15338 | IceCv    | Reached skill level 1 in Translocations
 15805 | D:11     | Reached XP level 12. HP: 56/86 MP: 21/26
 15936 | D:11     | Learned a level 7 spell: Summon Hydra
 15959 | D:11     | Noticed Erolcha
 15970 | D:11     | Killed Erolcha
 15975 | D:11     | Noticed a two-headed ogre
 15981 | D:11     | Killed a two-headed ogre
 15981 | D:11     | Reached skill level 6 in Invocations
 15981 | D:11     | Reached skill level 2 in Evocations
 16313 | D:11     | Noticed a two-headed ogre
 16320 | D:11     | Killed a two-headed ogre
 16429 | D:11     | Found a staircase to the Lair.
 16433 | D:11     | Reached skill level 4 in Hexes
 16817 | D:10     | Found Touq's Gadget Shoppe.
 16838 | D:10     | Noticed Fannar
 16882 | D:10     | Killed Fannar
 16882 | D:10     | Reached skill level 2 in Translocations
 17140 | Lair:1   | Entered Level 1 of the Lair of Beasts
 17797 | Lair:1   | Noticed a five-headed hydra
 17805 | Lair:1   | Killed a five-headed hydra
 18385 | Lair:2   | Found a dark tunnel.
 18409 | Volcano  | Entered a volcano
 18486 | Volcano  | Noticed a red draconian
 18511 | Volcano  | Killed a red draconian
 18511 | Volcano  | Reached skill level 6 in Fighting
 18511 | Volcano  | Reached skill level 3 in Evocations
 18831 | Volcano  | Reached skill level 11 in Summonings
 19438 | Lair:2   | Reached skill level 3 in Translocations
 19683 | Lair:2   | Found a staircase to the Swamp.
 20013 | Lair:3   | Reached skill level 11 in Spellcasting
 20048 | Lair:3   | Noticed a four-headed hydra
 20251 | Lair:3   | Killed a four-headed hydra
 21112 | Lair:4   | Reached skill level 7 in Invocations
 21159 | Lair:4   | Found a hole to the Spider Nest.
 21491 | Lair:4   | Gained mutation: You are in touch with the powers of death. [Mummy growth]
 21491 | Lair:4   | Reached XP level 13. HP: 71/95 MP: 22/28
 21991 | Lair:5   | Reached skill level 4 in Evocations
 22273 | Lair:5   | Reached skill level 7 in Fighting
 22609 | Lair:5   | Identified Sif Muna's Spellweaving in Simple Steps (Sif Muna gifted it to you on level 5 of the Lair of Beasts)
 22609 | Lair:5   | Received a gift from Sif Muna
 22990 | Lair:6   | Entered Level 6 of the Lair of Beasts
 23433 | Lair:6   | Reached skill level 12 in Summonings
 23629 | Lair:6   | Reached skill level 12 in Spellcasting
 23804 | Lair:6   | Found a staircase to the Slime Pits.
 23824 | Lair:6   | Reached skill level 5 in Evocations
 23872 | Lair:6   | Reached skill level 8 in Invocations
 24227 | Lair:6   | Identified a scroll of acquirement
 24463 | Lair:6   | Reached skill level 8 in Fighting
 25148 | Lair:6   | Reached XP level 14. HP: 76/105 MP: 14/30
 25166 | Lair:6   | Reached skill level 1 in Shields
 25941 | D:12     | Killed Azrael
 26346 | D:12     | Noticed Josephine
 26350 | D:12     | Killed Josephine
 26634 | D:12     | Found a sparkling altar of Nemelex Xobeh.
 26679 | D:12     | Found a staircase to the Orcish Mines.
 26885 | Orc:1    | Entered Level 1 of the Orcish Mines
 26885 | Orc:1    | Found Bejy's Food Emporium.
 27219 | Orc:1    | You are sucked into a shaft!
 27219 | Orc:2    | Entered Level 2 of the Orcish Mines
 27393 | Orc:2    | Reached skill level 2 in Shields
 27445 | Orc:2    | Found a staircase to the Elven Halls.
 27475 | Orc:2    | Noticed an orc warlord
 27480 | Orc:2    | Reached skill level 5 in Polearms
 27489 | Orc:2    | Killed an orc warlord
 27734 | Orc:1    | Identified Sif Muna's Tome of Summoning (Sif Muna gifted it to you on level 1 of the Orcish Mines)
 27734 | Orc:1    | Received a gift from Sif Muna
 27742 | Orc:1    | Learned a level 5 spell: Aura of Abjuration
 29011 | Orc:2    | Noticed an orc warlord
 29032 | Orc:2    | Killed an orc warlord
 29032 | Orc:2    | Reached skill level 13 in Summonings
 29035 | Orc:2    | Noticed an orc warlord
 29178 | Orc:2    | Found Test's Jewellery Emporium.
 29182 | Orc:2    | Found Bomez's Weapon Shop.
 29188 | Orc:2    | Found Mutuf's Gadget Shop.
 29190 | Orc:2    | Found Raubb's Antique Weapon Emporium.
 29364 | Orc:2    | Killed an orc warlord
 29657 | Orc:2    | Reached skill level 13 in Spellcasting
 29890 | Lair:1   | Learned a level 5 spell: Summon Demon
 30372 | D:14     | Reached skill level 9 in Fighting
 31010 | D:14     | Received a gift from Sif Muna
 31021 | D:14     | Found a gate to the Vaults.
 31033 | D:14     | Reached skill level 6 in Polearms
 31313 | D:15     | Entered Level 15 of the Dungeon
 31704 | D:15     | Found a stormy altar of Qazlal.
 31922 | D:15     | Found a staircase to the Depths.
 31934 | D:15     | Reached XP level 15. HP: 105/114 MP: 5/32
 32814 | Lair:1   | Learned a level 2 spell: Blink
 32869 | Swamp:1  | Entered Level 1 of the Swamp
 34151 | Swamp:2  | Noticed a thorn hunter
 34156 | Swamp:2  | Identified Sif Muna's Collected Works on the Birds (Sif Muna gifted it to you on level 2 of the Swamp)
 34156 | Swamp:2  | Received a gift from Sif Muna
 34160 | Swamp:2  | Killed a thorn hunter
 34384 | Swamp:2  | Reached skill level 10 in Fighting
 34384 | Swamp:2  | Reached skill level 14 in Summonings
 34894 | Swamp:2  | Reached skill level 14 in Spellcasting
 35106 | Swamp:2  | Reached skill level 7 in Polearms
 35160 | Swamp:2  | Noticed a thorn hunter
 35343 | Swamp:2  | Killed a thorn hunter
 35742 | Swamp:3  | Noticed Donald
 35771 | Swamp:3  | Killed Donald
 35773 | Swamp:3  | Got a fine shield {Donald}
 35774 | Swamp:3  | Identified the +0 shield of the Pit {-Tele Int+7} (You took it off Donald on level 3 of the Swamp)
 35853 | Swamp:3  | Identified the cursed +1 chain mail of Immorality {*Contam Str+8 SInv Stlth-} (You found it on level 3 of the Swamp)
 35881 | Swamp:3  | Noticed p0werm0de's ghost (journeyman OpTm)
 35892 | Swamp:3  | Killed p0werm0de's ghost
 36464 | Swamp:4  | Entered Level 4 of the Swamp
 36945 | Swamp:4  | Reached skill level 1 in Armour
 37726 | Swamp:4  | Noticed Jorgrun
 37732 | Swamp:4  | Killed Jorgrun
 38023 | Swamp:4  | Got a decaying rune of Zot
 38405 | Spider:1 | Entered Level 1 of the Spider Nest
 38415 | Spider:1 | Reached skill level 2 in Armour
 38570 | Lair:4   | Identified Sif Muna's Guide on the Entrancing Escort (Sif Muna gifted it to you on level 4 of the Lair of Beasts)
 38570 | Lair:4   | Received a gift from Sif Muna
 38688 | Lair:4   | Reached XP level 16. HP: 68/122 MP: 12/34
 39557 | Spider:1 | Identified the +2 ring mail of Umpeumu {rF+ rN+ rCorr SInv} (You found it on level 1 of the Spider Nest)
 39789 | Spider:1 | Reached skill level 8 in Polearms
 40495 | Spider:2 | Reached skill level 3 in Armour
 40503 | Spider:2 | Reached skill level 15 in Summonings
 40656 | Spider:2 | Noticed Frances
 41036 | Spider:2 | Killed Frances
 41575 | Spider:3 | Reached skill level 15 in Spellcasting
 41809 | Spider:3 | HP: 4/122 [meliai/hand axe (5)]
 41810 | Spider:3 | Slain by a meliai

Skill      XL: |  1  2  3  4  5  6  7  8  9 10 11 12 13 14 15 16 |
---------------+-------------------------------------------------+-----
Spellcasting   | 3 4 5 6 7 8 9 10 11 12 13 14 15 | 15.0
Summonings     | 4 5 6 8 9 10 11 12 13 14 15 | 15.1
Hexes          | 1 2 3 4 |  4.0
Ice Magic      | 1 2 3 4 |  4.0
Air Magic      | 1 2 4 |  4.1
Invocations    | 2 4 5 7 8 |  8.0
Fighting       | 3 5 6 8 9 10 | 10.0
Polearms       | 3 4 6 7 8 |  8.3
Evocations     | 1 3 5 |  5.0
Translocations | 1 3 |  3.0
Shields        | 2 |  2.5
Armour         | 2 3 |  3.5
Dodging        | |  1.5
Stealth        | |  1.5

Action                   |  1- 3 |  4- 6 |  7- 9 | 10-12 | 13-15 | 16-18 || total
-------------------------+-------+-------+-------+-------+-------+-------++-------
Melee: Unarmed           |    65 |       |       |       |       |       ||    65
       Flail             |    16 |       |       |       |       |       ||    16
       Short sword       |     4 |   101 |   377 |   398 |       |       ||   880
       Trident           |       |       |       |    48 |       |       ||    48
       Spear             |       |       |       |   169 |  1726 |   234 ||  2129
       Staff             |       |       |       |     3 |       |       ||     3
 Cast: Summon Small Mamm |    14 |       |       |       |       |       ||    14
       Call Imp          |    15 |     5 |     5 |     9 |     4 |       ||    38
       Call Canine Famil |     3 |     7 |    16 |    50 |    50 |     6 ||   132
       Summon Guardian G |       |     2 |     2 |     7 |    11 |     1 ||    23
       Summon Ice Beast  |       |     1 |    41 |   179 |   328 |    26 ||   575
       Summon Lightning  |       |       |     4 |    39 |    34 |     1 ||    78
       Summon Forest     |       |       |       |    10 |    49 |    10 ||    69
       Summon Hydra      |       |       |       |       |    66 |    24 ||    90
       Summon Demon      |       |       |       |       |    12 |     4 ||    16
       Aura of Abjuratio |       |       |       |       |     6 |     1 ||     7
       Blink             |       |       |       |       |    15 |     2 ||    17
       Corpse Rot        |       |       |       |       |     1 |       ||     1
Invok: Channel Magic     |       |       |       |     7 |    13 |     1 ||    21
       Divine Energy     |       |       |       |       |     1 |       ||     1
       Stop Divine Energ |       |       |       |       |     1 |       ||     1
Evoke: Wand              |       |       |     3 |    22 |     6 |     2 ||    33
       Phial of floods   |       |       |       |       |     3 |       ||     3
       Crystal ball of e |       |       |       |       |     1 |       ||     1
  Use: Scroll            |     3 |     3 |     3 |     7 |    20 |     6 ||    42
 Stab: Sleeping          |     2 |     2 |     5 |     4 |     3 |     1 ||    17
       Distracted        |       |     2 |     2 |    16 |    35 |     4 ||    59
       Paralysed         |       |       |       |     8 |       |       ||     8
Armor: Robe              |    24 |     8 |    62 |   109 |       |       ||   203
       Troll leather arm |       |       |       |    17 |    37 |       ||    54
       Leather armour    |       |       |       |       |   240 |    24 ||   264
       Ring mail         |       |       |       |       |       |   112 ||   112
Dodge: Dodged            |    94 |    59 |   339 |   457 |   737 |   255 ||  1941
Block: Other             |       |       |    36 |   143 |    39 |       ||   218
       Reflection        |       |       |     1 |     2 |    12 |       ||    15
       Buckler           |       |       |       |       |   384 |   101 ||   485
